Map: Dusk Towers

Players

Raiden - Winner!

  • Race: Terran Terran
  • League: Grandmaster

Pokebunny

  • Race: Terran Terran
  • League: Grandmaster

VOD

Have the link to the VOD?

Description

Time

  • Played on: April 6, 2016, 3:36 p.m.
  • Length: 3:34
Show
View Real Time Build Order
Export as new Build Order

Raiden Terran - Winner!

Build Orders:  

Get SALT Encoding   

  12  0:01  SCV  
  13  0:14  SCV  
  13  0:20  Supply Depot  
  14  0:27  SCV  
  15  0:45  Barracks  
  15  0:52  Barracks  
  15  1:05  Barracks  
  15  1:08  SCV  
  16  1:20  SCV  
  17  1:33  Marine  
  17  1:34  Barracks  
  18  1:40  Marine  
  18  1:45  Barracks  
  19  1:51  Marine x2  
  21  1:59  Supply Depot  
  21  2:04  Marine  
  22  2:10  Marine  
  23  2:21  Marine  
  23  2:22  Marine  
  25  2:24  Marine  
  26  2:30  Marine  
  27  2:37  Marine  
  27  2:38  Marine  
  27  2:42  Marine x2  
  29  2:48  Marine  
  24  3:08  Marine  
Show
View Real Time Build Order
Export as new Build Order

Pokebunny Terran 

Build Orders: Reaper Expand 

Get SALT Encoding   

  12  0:01  SCV  
  13  0:13  SCV  
  14  0:17  Supply Depot  
  14  0:25  SCV  
  15  0:39  Barracks, SCV  
  16  0:45  Refinery  
  16  0:51  SCV  
  17  1:03  SCV  
  18  1:15  SCV  
  19  1:27  Orbital Command  
  19  1:28  Reaper  
  20  1:39  Command Center  
  20  1:49  Supply Depot  
  20  1:53  SCV  
  21  2:00  Marine  
  22  2:05  Factory  
  22  2:07  SCV  
  23  2:14  Refinery  
  23  2:18  Marine  
  23  2:19  SCV  
  25  2:37  Marine  
  26  2:44  SCV  
  26  2:47  Barracks x2  
  26  2:55  Marine  
  22  2:59  Hellion  
  14  3:13  Marine  
Tags
 
Add a new tag
Caveats
  • Supply blocks, unpowered buildings, or Contaminate may cause inaccurate times.
  • Supply counts are checked every 10 seconds.